 Dungeon Crawl Stone Soup version 0.28-a0-802-g09f76e8c00 (webtiles) character file.

Game seed: 16478150057877943884

62 soylentgreeen202 the Caller (level 3, -4/24 HPs)
             Began as a Mummy Summoner on Nov 6, 2021.
             Slain by Natasha (7 damage)
             ... on level 2 of the Dungeon.
             The game lasted 00:20:05 (3638 turns).

soylentgreeen202 the Caller (Mummy Summoner)        Turns: 3638, Time: 00:20:06

Health: -4/24      AC:  3    Str: 11    XL:     3   Next: 85%
Magic:  4/16       EV: 12    Int: 15    God:
Gold:   65         SH:  0    Dex: 12    Spells: 5/8 levels left

rFire   x . .      SeeInvis .   b - +3 short sword
rCold   + . .      Faith    .   (no shield)
rNeg    + + +      Spirit   .   a - +0 robe
rPois   ∞          Reflect  .   (no helmet)
rElec   .          Harm     .   (no cloak)
rCorr   .          Rampage  .   f - +0 pair of gloves
Will    .....                   (no boots)
Stlth   ++........              (no amulet)
HPRegen 0.08/turn               h - ring of magical power
MPRegen 0.15/turn               (no ring)

@: no status effects
A: cold resistance 1, negative energy resistance 3, torment resistance 2, heat
vulnerability 1, no potions
a: no special abilities


You were on level 2 of the Dungeon.
You visited 1 branch of the dungeon, and saw 3 of its levels.

You collected 65 gold pieces.

Inventory:

Hand Weapons
 b - a +3 short sword (weapon)
Missiles
 c - 44 stones
Armour
 a - a +0 robe (worn)
 f - a +0 pair of gloves (worn)
Jewellery
 h - a ring of magical power (left hand)
Scrolls
 d - 3 scrolls of identify {unknown}
 e - 3 scrolls of noise {unknown}
 g - 2 scrolls of amnesia {unknown}
 i - a scroll of acquirement {unknown}
 j - a scroll of immolation {unknown}
 k - a scroll of enchant weapon {unknown}
 l - a scroll of torment {unknown}


   Skills:
 - Level 2.0 Dodging
 - Level 2.2 Stealth
 - Level 3.0 Spellcasting
 + Level 4.0 Summonings


You had 5 spell levels left.
You knew the following spells:

 Your Spells              Type           Power      Damage    Failure   Level
a - Summon Small Mammal   Summ           56%        N/A       3%          1
b - Call Imp              Summ           14%        N/A       6%          2

Your spell library contained the following spells:

 Spells                   Type           Power      Damage    Failure   Level
 Call Canine Familiar     Summ           14%        N/A       12%         3
 Summon Guardian Golem    Hex/Summ       8%         N/A       26%         3
 Summon Lightning Spire   Summ/Air       8%         N/A       65%         4


Dungeon Overview and Level Annotations

Branches:
Dungeon (3/15)

Altars:

Shops:
D:1 (

Annotations:
D:2 Natasha


Innate Abilities, Weirdness & Mutations

You are immune to poison.
Your flesh is cold resistant. (rC+)
You are immune to negative energy. (rN+++)
You are immune to unholy pain and torment.
You are vulnerable to heat. (rF-)
You do not drink.


Message History

A beastly little devil appears in a puff of flame.
Your shadow imp disappears in a puff of smoke!
Natasha claws you.
Natasha wildly gestures.
Natasha glows brightly for a moment.
Natasha casts a spell at you. The magic dart hits you.
* * * LOW HITPOINT WARNING * * *
Your crimson imp hits Natasha but does no damage.
Casting: Call Imp (safe; 6% risk of failure)
Confirm with . or Enter, or press ? or * to list all spells.
Your crimson imp blinks!
Your quokka misses Natasha. You hit Natasha.
Natasha is lightly wounded.
Natasha barely misses you.
Your quokka bites Natasha.
Natasha claws you.
* * * LOW HITPOINT WARNING * * *
You barely miss Natasha.
Natasha is moderately wounded.
Your quokka closely misses Natasha.
Natasha claws you but does no damage.
You barely miss Natasha.
Natasha is moderately wounded.
Your quokka bites Natasha but does no damage.
Natasha closely misses you.
Your crimson imp blinks!
Your quokka closely misses Natasha.
You barely miss Natasha.
Natasha is moderately wounded.
Your quokka bites Natasha.
Natasha closely misses you.
Your crimson imp blinks!
You completely miss Natasha.
Natasha is moderately wounded.
Your quokka barely misses Natasha.
Natasha wildly gestures.
Natasha shimmers violently.
Natasha closely misses you.
Your crimson imp hits Natasha.
You barely miss Natasha.
Natasha is moderately wounded.
Your quokka closely misses Natasha.
Natasha claws you!
You die...

.##.#
#.######.##.########.####
.##.# #.....##..#.# #..#
.##.# #####.###.#.### #.##
.##.# #.###.....# #.# .##.#
#.##....#.# #.# .##.#
#.#.....#.# #.#
.##.#########.#r>..##.# #.#
.##.............h.....# #.#
.#######.####..<@5...######.#
.# #.# ########>.......# .#
#.# ########## .#######.#
############### .........#
#.............. #######..#
#.###.###.##### #..#
#.###.###.#
#..##########.##..†##.#
#.............##...##.#


You could see Natasha (ally target), a friendly crimson imp (summoned) and a
friendly quokka (summoned).

Vanquished Creatures
  A dart slug (D:2)
  A ball python (D:1)
  2 bats
  2 endoplasms
  2 giant cockroaches (D:1)
  2 goblins (D:2)
  2 hobgoblins
  A kobold (D:1)
  A quokka (D:1)
  2 rats (D:2)
16 creatures vanquished.

Vanquished Creatures (collateral kills)
  2 adders (D:2)
  A worm (D:1)
  3 ball pythons
  An endoplasm (D:1)
  A giant cockroach (D:1)
  A goblin (D:1)
  3 hobgoblins
  A frilled lizard (D:1)
  6 kobolds
19 creatures vanquished.

Grand Total: 35 creatures vanquished

Notes
Turn   | Place    | Note
-------+----------+-------------------------------------------
     0 | D:1      | soylentgreeen202 the Mummy Summoner began the quest for the
                  | Orb.
     0 | D:1      | Reached XP level 1. HP: 13/13 MP: 4/4
     5 | D:1      | Noticed an elephant
   426 | D:1      | Noticed a black mamba
   455 | D:1      | Reached XP level 2. HP: 19/19 MP: 2/5
  1015 | D:1      | Found Gouwucs's Antique Weapon Emporium.
  1603 | D:1      | Reached skill level 4 in Summonings
  2226 | D:2      | Reached XP level 3. HP: 24/24 MP: 7/7
  2594 | D:2      | Learned a level 2 spell: Call Imp
  3215 | D:2      | Found a faded altar of an unknown god.
  3617 | D:3      | Noticed Natasha
  3638 | D:2      | Slain by Natasha

Illustrated notes

Levels and vault maps discovered:
D:1:      sevenhm_arrival_forest_fort_small_2, layout_basic, serial_shops, shop,
          minmay_misc_feat_rows, grunt_decor_fettered
D:2:      layout_loops_ring, hellmonk_ecumenical_altar_run_dry
D:3:      layout_rooms, mainiacjoe_overflow_large_starburst, serial_shops, shop,
          grunt_decor_mini_mirrors, uniq_ijyb, uniq_jessica, uniq_natasha

Skill      XL: |  1  2  3 |
---------------+----------+-----
Summonings     | 4 |  4.0
Spellcasting   | 3 |  3.0
Dodging        | 2 |  2.0
Stealth        | 2 |  2.2

Action                   || total
-------------------------++-------
Melee: Unarmed           ||     6
       Short sword       ||    61
 Cast: Summon Small Mamm ||    33
       Call Imp          ||    15
 Stab: Sleeping          ||     5
Armor: Robe              ||    19
Dodge: Dodged            ||    61

Table legend: (Time is in decaauts)
 A = Elapsed time spent in this place.
 B = Non-inter-level travel time spent in this place.
 C = Inter-level travel time spent in this place.
 D = Time resting spent in this place.
 E = Time spent auto-exploring this place.
 F = Levels seen in this place.
 G = Mean time per level.
                   A        B        C        D        E       F      G
               +--------+--------+--------+--------+--------+-----+--------+
         Total |   3648 |   3527 |    121 |   1596 |    806 |   3 | 1216.0 |
       Dungeon |   3648 |   3527 |    121 |   1596 |    806 |   3 | 1216.0 |
               +--------+--------+--------+--------+--------+-----+--------+

Top non-repeatable levels by time:
     D:1: 2176 daAuts
     D:2: 1458 daAuts
     D:3: 12 daAuts
